Map: [TLMC19] Ghost River

Players

HonMonO

  • Race: Terran Terran
  • League: Master
  • Spawn Location: 1:00

Krystianer - Winner!

  • Race: Protoss Protoss
  • Spawn Location: 11:00

VOD

Have the link to the VOD?

Description

Time

  • Played on: Dec. 19, 2023, 7:15 a.m.
  • Length: 9:50
Show
View Real Time Build Order
Export as new Build Order

HonMonO Terran 

Build Orders:  

Get SALT Encoding   

  12  0:00  SCV  
  13  0:12  SCV  
  14  0:17  Supply Depot  
  14  0:24  SCV  
  15  0:38  SCV  
  15  0:40  Barracks  
  16  0:44  Refinery  
  16  0:50  SCV  
  17  1:02  SCV  
  18  1:14  SCV  
  19  1:27  Orbital Command, Marine  
  20  1:41  Command Center  
  20  1:46  Barracks Reactor  
  20  1:51  Supply Depot  
  20  1:55  SCV  
  21  2:07  SCV  
  22  2:16  Factory  
  22  2:18  Bunker  
  22  2:19  SCV  
  22  2:22  Marine x2  
  25  2:31  SCV  
  25  2:33  Barracks  
  26  2:40  Marine x2  
  28  2:46  Barracks  
  28  2:50  SCV  
  29  2:55  Orbital Command  
  29  3:02  SCV  
  30  3:11  Hellion x2  
  34  3:13  Barracks Tech Lab  
  34  3:15  SCV  
  35  3:20  Refinery  
  35  3:21  Barracks Tech Lab  
  35  3:22  SCV  
  35  3:27  SCV  
  37  3:33  Hellion x2  
  41  3:37  Barracks Reactor  
  41  3:39  SCV  
  42  3:43  Supply Depot  
  42  3:44  Stimpack  
  42  3:46  SCV  
  43  3:51  SCV  
  44  3:55  Engineering Bay  
  44  3:58  SCV  
  45  4:03  SCV  
  45  4:04  Siege Tank, Marine  
  45  4:06  Marine  
  45  4:09  Supply Depot  
  51  4:13  Marine  
  51  4:14  SCV  
  51  4:16  Marine  
  54  4:23  Terran Infantry Weapons Level 1  
  54  4:26  Marine x3  
  54  4:27  SCV x2  
  59  4:36  Supply Depot  
  59  4:37  Siege Tank  
  62  4:38  Marine  
  62  4:39  SCV  
  62  4:45  SCV, Marine  
  56  4:53  Missile Turret  
  56  4:56  Marine  
  49  5:06  SCV  
  50  5:08  Marine  
  50  5:09  Missile Turret  
  50  5:14  Marine  
  50  5:18  SCV  
  52  5:23  Marine  
  52  5:26  Marine  
  52  5:38  Combat Shield  
  52  5:40  Marine x2  
  52  5:42  SCV  
  55  5:45  SCV  
  55  5:47  Marine  
  55  5:49  Marine  
  58  5:53  Marine  
  58  5:54  SCV  
  60  6:06  SCV, Marine  
  60  6:08  Marine x3  
  60  6:09  SCV  
  63  6:14  Marine  
  63  6:18  SCV  
  65  6:21  Siege Tank, SCV  
  65  6:24  Marine  
  70  6:30  SCV  
  70  6:31  Marine  
  72  6:34  SCV, Marine x2  
  75  6:41  Marine  
  75  6:42  SCV  
  75  6:46  SCV  
  78  6:59  Marine  
  76  7:11  Marine x2  
  69  7:32  Missile Turret  
  41  8:19  Missile Turret  
  32  8:44  Orbital Command  
Show
View Real Time Build Order
Export as new Build Order

Krystianer Protoss - Winner!

Build Orders: 1 Gate Expand, Zealot Archon, Archon Drop, Dark Templar Rush 

Get SALT Encoding   

  12  0:00  Probe  
  13  0:12  Probe  
  14  0:18  Pylon  
  14  0:24  Probe (Chrono Boost)  
  15  0:36  Probe (Chrono Boost)  
  15  0:37  Gateway  
  16  0:45  Probe (Chrono Boost)  
  16  0:46  Assimilator  
  17  0:51  Probe  
  18  1:03  Probe  
  19  1:15  Probe  
  20  1:22  Nexus  
  20  1:33  Cybernetics Core  
  20  1:37  Probe  
  21  1:41  Assimilator  
  21  1:49  Probe  
  21  1:52  Pylon  
  23  2:01  Probe  
  23  2:07  Adept (Chrono Boost)  
  23  2:09  Warp Gate  
  23  2:13  Probe  
  26  2:19  Twilight Council  
  26  2:25  Probe (Chrono Boost)  
  27  2:30  Adept  
  27  2:35  Probe (Chrono Boost)  
  31  2:37  Probe (Chrono Boost)  
  32  2:44  Probe (Chrono Boost)  
  32  2:45  Probe (Chrono Boost)  
  32  2:49  Probe (Chrono Boost)  
  34  2:51  Probe  
  34  2:57  Dark Shrine  
  35  3:01  Probe  
  36  3:05  Robotics Facility  
  36  3:07  Probe  
  36  3:10  Adept  
  39  3:13  Probe  
  39  3:19  Gateway  
  40  3:24  Gateway  
  40  3:26  Probe  
  41  3:28  Probe  
  41  3:33  Pylon  
  40  3:36  Shield Battery  
  40  3:39  Probe  
  42  3:50  Warp Prism (Chrono Boost)  
  42  3:51  Probe  
  42  3:52  Pylon  
  42  3:54  Probe  
  45  4:00  Assimilator  
  45  4:01  Stalker  
  47  4:04  Probe  
  47  4:06  Probe  
  49  4:14  Stalker  
  52  4:18  Probe  
  52  4:23  Pylon  
  53  4:30  Dark Templar x2  
  56  4:32  Dark Templar  
  57  4:40  Probe  
  57  4:43  Probe  
  57  4:44  Pylon  
  59  4:52  Probe  
  57  4:55  Probe  
  57  4:59  Charge (Chrono Boost)  
  56  5:04  Probe  
  58  5:07  Probe  
  58  5:09  Gateway  
  58  5:11  Gateway  
  58  5:16  Probe  
  58  5:19  Probe  
  60  5:23  Nexus  
  60  5:28  Probe  
  60  5:29  Dark Templar x2  
  60  5:30  Zealot  
  60  5:31  Probe  
  68  5:40  Probe, Pylon  
  68  5:42  Archon, Immortal (Chrono Boost)  
  69  5:43  Probe  
  69  5:44  Archon  
  69  5:47  Pylon  
  74  5:52  Gateway, Probe  
  74  5:55  Probe  
  76  6:05  Probe  
  76  6:07  Probe  
  76  6:08  Dark Templar x2  
  82  6:14  Gateway  
  82  6:16  Gateway, Archon  
  82  6:17  Probe  
  83  6:19  Probe  
  83  6:20  Zealot  
  83  6:21  Zealot  
  83  6:23  Zealot  
  90  6:35  Probe x2  
  92  6:45  Probe  
  92  6:46  Pylon  
  93  6:49  Zealot x4  
  93  6:50  Zealot x2  
  93  6:52  Probe  
  107  7:03  Pylon  
  107  7:07  Pylon  
  106  7:09  Pylon  
  106  7:11  Zealot x5  
  116  7:18  Pylon  
  116  7:21  Pylon  
  116  7:23  Pylon  
  116  7:25  Pylon  
  116  7:27  Dark Templar  
  116  7:28  Dark Templar  
  116  7:29  Zealot  
  115  7:33  Shield Battery  
  109  7:39  Zealot x2, Archon  
  102  7:47  Gateway  
  102  7:48  Gateway  
  102  7:50  Gateway  
  102  7:52  Pylon  
  102  7:53  Zealot  
  82  8:14  Zealot  
  84  8:23  Gateway  
  84  8:25  Gateway  
  66  8:44  Zealot x2  
  66  8:45  Zealot  
  54  8:52  Zealot  
  56  9:07  Gateway, Probe  
  56  9:08  Dark Templar x2  
  61  9:14  Archon  
  57  9:30  Zealot x3  
Tags
 
Add a new tag
Caveats
  • Supply blocks, unpowered buildings, or Contaminate may cause inaccurate times.
  • Supply counts are checked every 10 seconds.